 Dungeon Crawl Stone Soup version 0.30-a0-325-gb515db48ae (webtiles) character file.

Game seed: 9682819576301337310

61 MrRokkomies the Cudgeller (level 3, -4/32 HPs)
             Began as an Armataur Gladiator on Oct 28, 2022.
             Slain by Sigmund
             ... wielding a +0 vampiric scythe
              (9 damage)
             ... on level 2 of the Dungeon.
             The game lasted 00:02:26 (1492 turns).

MrRokkomies the Cudgeller (Armataur Gladiator)      Turns: 1492, Time: 00:02:26

Health: -4/32      AC:  8    Str: 21    XL:     3   Next: 83%
Magic:  3/3        EV:  6    Int:  8    God:
Gold:   79         SH:  0    Dex: 17    Spells: 2/2 levels left

rFire   . . .      SeeInvis .    a - +0 flail
rCold   . . .      Faith    .    (no shield)
rNeg    . . .      Spirit   .    p - +0 chain mail
rPois   .          Reflect  .    c - +0 helmet
rElec   .          Harm     .    (no cloak)
rCorr   .          Roll     +    (no gloves)
Will    .....                    (no barding)
Stlth   ..........               o - amulet of the acrobat
HPRegen 0.25/turn                g - +6 ring of dexterity
MPRegen 0.08/turn                r - ring of flight

@: flying
A: large, rugged brown scales 3, deformed body, armoured tail, roll, long
tongue, awkward tongue
a: no special abilities


You were on level 2 of the Dungeon.
You visited 1 branch of the dungeon, and saw 3 of its levels.

You collected 79 gold pieces.

Inventory:

Hand Weapons
 a - a +0 flail (weapon)
Missiles
 d - 3 throwing nets (quivered)
 e - a javelin
Armour
 b - a +0 leather armour
 c - a +0 helmet (worn)
 h - a +0 ring mail
 p - a +0 chain mail (worn)
Jewellery
 g - a +6 ring of dexterity (left hand)
 o - an amulet of the acrobat (around neck)
 r - a ring of flight (right hand)
Scrolls
 f - 5 scrolls of teleportation
 k - 2 scrolls of butterflies
Potions
 i - a potion of degeneration {unknown}
 j - 2 potions of heal wounds
 n - a potion of mutation {unknown}


   Skills:
 * Level 2.6 Fighting
 * Level 3.3 Maces & Flails
 - Level 1.7 Throwing
 + Level 1.5 Armour
 + Level 2.4 Dodging


You had 2 spell levels left.
You didn't know any spells.
Your spell library contained the following spells:

 Spells                   Type           Power      Damage    Failure   Level
 Shock                    Conj/Air       0%         1d3       99%         1
 Gell's Gravitas          Tloc           0%         N/A       100%        3
 Swiftness                Air            0%         N/A       100%        3
 Teleport Other           Tloc           0%         N/A       100%        3
 Airstrike                Air            0%         2d(0-16)  100%        4
 Dispersal                Tloc           0%         N/A       100%        6


Dungeon Overview and Level Annotations

Branches:
Dungeon (3/15)

Altars:

Annotations:
D:2 Sigmund
D:3 3 runed translucent doors, subsebi's ghost, amateur DsCK


Innate Abilities, Weirdness & Mutations

You are completely covered in rugged brown scales. (AC +3, +7% HP)
Armour fits poorly on your strangely shaped body.
You have a long armoured tail.
You roll when moving toward enemies. (Rampage)
Your long tongue fully drains potion bottles. (2x potion effects)
Your tongue gives you trouble enunciating. (1.5x scroll delay)


Message History

You roll towards the frilled lizard!
You roll towards the frilled lizard!
The frilled lizard bites you.
You hit the frilled lizard.
You kill the frilled lizard!
No target in view!
No target in view!
You see here a frilled lizard corpse.
You see here a frilled lizard corpse.
k - 2 scrolls of butterflies (gained 1)
A hobgoblin comes into view.
You roll towards the hobgoblin!
Sigmund the Dreaded comes into view.
He is wielding a +0 vampiric scythe and wearing a +0 robe of positive energy.
Sigmund shouts!
Sigmund casts a spell.
Sigmund flickers and vanishes!
Deactivating autopickup; reactivate with Ctrl-A.
You roll towards the hobgoblin!
The hobgoblin misses you.
You hit the hobgoblin.
You kill the hobgoblin!
Something hits you.
You see here a hobgoblin corpse.
You miss something. You closely miss something. Something hits you.
You closely miss something. Something hits you.
You closely miss something.
Your tail-slap misses something.
Something hits you but does no damage.
You hit something but do no damage. Something hits you.
You hit something but do no damage.
You hear some strange, mumbled words.
A magic dart appears from out of thin air!
The magic dart hits you!
You closely miss something.
You hear some strange, mumbled words.
A puff of flame appears from out of thin air!
The puff of flame hits you.
You barely miss something. Something hits you!
* * * LOW HITPOINT WARNING * * *
You completely miss something.
Your tail-slap misses something.
Something hits you!
You die...

#...#
#.#..............#
#...#
#.#.......)......#
#...#
#.#..............#
#...#
#.#.....####.#####
#...# #.#.###.#
#.# ##### #.#.#
#.# #.# #.#.# #.#
#.# #{#.# #.# #.#
#@#.# #.# #.#
#.#†# #.# #.#
#.#.###.# #.#
#.#.....# #.#
#.####### #.# #.#
#.# #.# #.# #.#
#.# #.# #.#


There were no monsters in sight!

Vanquished Creatures
  A gnoll (D:1)
  5 worms (D:2)
  A dart slug (D:3)
  An orc (D:2)
  2 endoplasms
  2 goblins
  6 hobgoblins
  4 kobolds
  A quokka (D:2)
  3 ball pythons (D:2)
  3 bats (D:2)
  2 frilled lizards
  2 rats (D:1)
33 creatures vanquished.

Notes
Turn   | Place    | Note
-------+----------+-------------------------------------------
     0 | D:1      | MrRokkomies the Armataur Gladiator began the quest for the
                  | Orb.
     0 | D:1      | Reached XP level 1. HP: 18/18 MP: 1/1
   251 | D:1      | Reached XP level 2. HP: 25/25 MP: 2/2
   309 | D:1      | Reached skill level 3 in Maces & Flails
   830 | D:2      | Reached skill level 1 in Armour
   920 | D:2      | Reached XP level 3. HP: 21/32 MP: 3/3
  1291 | D:2      | You fall into a shaft and drop 1 floor!
  1291 | D:3      | Found a runed translucent gate.
  1291 | D:3      | Found a runed translucent gate.
  1291 | D:3      | Found a runed translucent gate.
  1292 | D:3      | Noticed subsebi's ghost (amateur DsCK)
  1293 | D:3      | Noticed a kobold brigand
  1480 | D:2      | Noticed Sigmund
  1492 | D:2      | Slain by Sigmund

Illustrated notes

Levels and vault maps discovered:
D:1:      amcnicky_arrival_choice, layout_basic
D:2:      layout_basic, nicolae_wormholes, uniq_sigmund
D:3:      layout_basic, gammafunk_ghost_nasty_kobolds, serial_shops,
          nicolae_shop_hallway_plus, basic_ecumenical_altar, minmay_cupped

Skill      XL: |  1  2 |
---------------+-------+-----
Fighting       | 2 |  2.6
Maces & Flails | 3 |  3.3
Armour         | 1 |  1.5
Throwing       | |  1.7
Dodging        | |  2.4

Action                   || total
-------------------------++-------
Melee: Flail             ||    96
       Tailslap          ||     8
  Use: Scroll            ||     7
Armor: Leather armour    ||    15
       Ring mail         ||    18
       Chain mail        ||     7
Dodge: Dodged            ||    35

Table legend: (Time is in decaauts)
 A = Elapsed time spent in this place.
 B = Non-inter-level travel time spent in this place.
 C = Inter-level travel time spent in this place.
 D = Time resting spent in this place.
 E = Time spent auto-exploring this place.
 F = Levels seen in this place.
 G = Mean time per level.
                   A        B        C        D        E       F      G
               +--------+--------+--------+--------+--------+-----+--------+
         Total |   1517 |   1483 |     34 |     33 |   1169 |   3 |  505.7 |
       Dungeon |   1517 |   1483 |     34 |     33 |   1169 |   3 |  505.7 |
               +--------+--------+--------+--------+--------+-----+--------+

Top non-repeatable levels by time:
     D:1: 810 daAuts
     D:2: 667 daAuts
     D:3: 39 daAuts
